 Dungeon Crawl Stone Soup version 0.18.1-50-g88ac8fd (webtiles) character file.

115314 saintsgambit the Severer (level 16, -4/151 HPs)
             Began as a Minotaur Fighter on Sept 18, 2016.
             Was the Champion of Okawaru.
             Killed from afar by a fire dragon (33 damage)
             ... with a blast of flame
             ... on level 15 of the Dungeon.
             The game lasted 01:41:35 (19539 turns).

saintsgambit the Severer (Minotaur Fighter)        Turns: 19539, Time: 01:41:35

Health: -4/151     AC: 37    Str: 20    XL:     16   Next: 18%
Magic:  15/17      EV: 12    Int:  6    God:    Okawaru [******]
Gold:   2346       SH: 24    Dex: 15    Spells: 0 memorised, 15 levels left

rFire  . . .     SeeInvis .     U - +9 war axe of Zaryahied {flame, -Tele MR+++ Str-4 Dex+2}
rCold  + . .     Gourm    .     F - +1 crystal plate armour
rNeg   + . .     Faith    .     i - +0 large shield {AC+3}
rPois  +         Spirit   .     e - +2 hat {MR+}
rElec  +         Dismiss  .     V - +2 cloak of Starlight {rElec rC+ EV+4 Stlth--}
rCorr  .         Reflect  .     G - +0 pair of gloves
SustAt .         Harm     .     (no boots)
MR     +++++     NoTele   +     (no amulet)
Stlth  ..........               (no ring)
                                L - ring "Zigo" {rPois rN+}

@: heroism, almost entirely resistant to hostile enchantments, extremely
unstealthy
A: retaliatory headbutt, horns 2
a: Heroism, Finesse, Renounce Religion


You were on level 15 of the Dungeon.
You worshipped Okawaru.
Okawaru was exalted by your worship.
You were not hungry.

You visited 4 branches of the dungeon, and saw 26 of its levels.
You also visited: Labyrinth, Ossuary and Ice Cave.

You collected 2720 gold pieces.
You spent 374 gold pieces at shops.

Inventory:

Hand Weapons
 r - the +2 scimitar of Okawaru's Generosity {slice, rElec rC+ Int+4 Dex-5, unknown}
   (Okawaru gifted it to you on level 2 of the Orcish Mines)

   It inflicts extra damage upon your enemies.
   It affects your intelligence (+4).
   It affects your dexterity (-5).
   It protects you from cold.
   It insulates you from electricity.
 T - the +7 triple sword of the Pit {freeze, Str+4 Int+5 Dex+4}
   (Okawaru gifted it to you on level 12 of the Dungeon)

   It has been specially enchanted to freeze those struck by it, causing extra
   injury to most foes and up to half again as much damage against particularly
   susceptible opponents.
   It can also slow down cold-blooded creatures.
   It affects your strength (+4).
   It affects your intelligence (+5).
   It affects your dexterity (+4).
 U - the +9 war axe of Zaryahied (weapon) {flame, -Tele MR+++ Str-4 Dex+2}
   (Okawaru gifted it to you on level 5 of the Lair of Beasts)

   It has been specially enchanted to burn those struck by it, causing extra
   injury to most foes and up to half again as much damage against particularly
   susceptible opponents.
   Big, fiery blades are also staple armaments of hydra-hunters.
   It affects your strength (-4).
   It affects your dexterity (+2).
   It affects your resistance to hostile enchantments.
   It prevents most forms of teleportation.
 Z - the +5 quarterstaff "Damud" {holy, rPois Int+3}
   (You took it off a minotaur in a labyrinth)

   It has been blessed by the Shining One to cause great damage to the undead
   and demons.
   It affects your intelligence (+3).
   It protects you from poison.
Missiles
 n - 12 javelins (quivered)
Armour
 e - a +2 hat of magic resistance (worn)
 i - a +0 large shield of protection (worn)
 y - a +0 cloak of magic resistance
 F - a +1 crystal plate armour (worn)
 G - a +0 pair of gloves (worn)
 Q - the +10 plate armour "Muheaqi" {MR+ rCorr Str+4 Stlth-}
   (You acquired it on level 8 of the Lair of Beasts)

   It affects your strength (+4).
   It affects your resistance to hostile enchantments.
   It protects you from acid and corrosion.
   It makes you less stealthy.
 V - the +2 cloak of Starlight (worn) {rElec rC+ EV+4 Stlth--}
   (You found it on level 2 of the Lair of Beasts)

   It affects your evasion (+4).
   It protects you from cold.
   It insulates you from electricity.
   It makes you much less stealthy.
Jewellery
 a - an uncursed ring of protection from cold {unknown}
 f - the ring of Lapler {Fire Str+5 Int+2 Stlth+}
   (You took it off a minotaur in a labyrinth)

   [ring of fire]

   It enhances your fire magic, and weakens your ice magic.
   It affects your strength (+5).
   It affects your intelligence (+2).
   It protects you from fire.
   It makes you vulnerable to cold.
   It makes you more stealthy.
 E - a +2 ring of evasion
 K - the ring of Ikiag {*Tele MR+}
   (You found it on level 9 of the Dungeon)

   [ring of teleportation]

   It may teleport you next to monsters.
   It affects your resistance to hostile enchantments.
 L - the ring "Zigo" (left hand) {rPois rN+}
   (You bought it in a shop on level 9 of the Dungeon)

   [ring of poison resistance]

   It protects you from poison.
   It protects you from negative energy.
Wands
 c - a wand of teleportation (2/9)
 h - a wand of iceblast (4/15)
 s - a wand of flame (4/48)
 u - a wand of acid (0/15)
 J - a wand of digging (16/24)
 O - a wand of confusion (29/48)
 P - a wand of flame (26/48)
Scrolls
 g - 4 scrolls of blinking
 k - 14 scrolls of remove curse
 o - 12 scrolls of teleportation
 p - 4 scrolls of silence
 t - 4 scrolls of recharging
 v - 2 scrolls of fog {unknown}
 I - 5 scrolls of amnesia
 R - 3 scrolls of enchant weapon
 W - a scroll of fear
 X - 4 scrolls of identify
Potions
 b - 7 potions of curing
 d - a potion of might
 j - 3 potions of magic
 l - 3 potions of brilliance {unknown}
 m - 2 potions of heal wounds
 q - 2 potions of cancellation {unknown}
 w - 2 potions of mutation {unknown}
 x - 3 potions of resistance
 z - a potion of beneficial mutation {unknown}
 B - 2 potions of cure mutation {unknown}
 C - 6 potions of haste
 D - 5 potions of flight
 N - a potion of agility {unknown}
 S - 2 potions of invisibility {unknown}
Comestibles
 A - 5 meat rations
 H - 7 bread rations
 M - 20 fruits
 Y - 5 beef jerkies


   Skills:
 + Level 16.0(21.0) Fighting
 + Level 19.0(24.0) Axes
 + Level 13.9(18.9) Armour
 + Level 2.9(7.9) Dodging
 + Level 1.1(6.1) Stealth
 + Level 17.7(22.7) Shields
 + Level 2.8 Invocations
 + Level 2.1 Evocations


You had 15 spell levels left.
You didn't know any spells.

Dungeon Overview and Level Annotations

Branches:
Dungeon (15/15)            Temple (1/1) D:5            Lair (8/8) D:9
 Shoals (0/4) Lair:6        Snake (0/4) Lair:4        Slime (0/6) Lair:7
    Orc (2/2) D:11            Elf (0/3) Orc:2        Vaults (0/5) D:14
 Depths: D:15

Altars:
Ashenzari
Cheibriados
Dithmenos
Elyvilon
Gozag
Kikubaaqudgha
Makhleb
Nemelex Xobeh
Okawaru
Pakellas
Ru
Sif Muna
Trog
Vehumet
Xom
Yredelemnul
Zin
Beogh
Jiyva

Shops:
D:7 %   D:9 *   D:11 %   D:12 (   D:13 [[[   Orc:2 (=([*}%==

Portals:
Trove: D:14 (give 6 scrolls of blinking)


Innate Abilities, Weirdness & Mutations

You reflexively headbutt those who attack you in melee.
You have a pair of horns on your head.


Message History

The fire dragon is severely wounded.
The fire dragon bites you but does no damage.
You block the fire dragon's attack. x2
You slash the fire dragon!
The fire dragon is severely wounded.
You block the fire dragon's attack. The fire dragon completely misses you.
You block the fire dragon's attack.
You closely miss the fire dragon.
The fire dragon is severely wounded.
You hit the fire dragon but do no damage.
The fire dragon is severely wounded.
The fire dragon breathes flames at you. The blast of flame hits you!
* * * LOW HITPOINT WARNING * * *
You slice the fire dragon!!
You kill the fire dragon!
Okawaru accepts your kill. The fire dragon breathes flames at you.
The blast of flame hits you!
You die...

### .....#.........#
..........#....... ..........#
.... ..........# ..........
........# .. ###.....######
........# #.. ..#....##$$$$.#
.......# #.. ..#...#
.......#####.....# #.. ..'...#
#D†@..##....# #..
..#...##.......##...##...######..
..#....##$$$$.###.8..##..........
###.....###### #......#...†......
.................................
...###'#.................#####...
...#...#....###+##########...#...
...#...# ...# ...........'...
...#...# ...# ..........#...


You could see a fire dragon.

Vanquished Creatures
  Saint Roka (Orc:2)
  Gastronok (D:12)
  Maud (D:14)
  An orc warlord (Orc:2)
  6 dire elephants (Lair:8)
  A minotaur (Lab)
  Erolcha (D:12)
  2 fire dragons
  A vault guard (D:14)
  A rakshasa (D:15)
  5 hydras
  A catoblepas (Lair:7)
  An anaconda (Lair:8)
  3 centaur warriors
  24 death yaks
  3 tengu warriors
  An orc high priest (Orc:2)
  2 unseen horrors (D:14)
  A necromancer (IceCv)
  4 hill giants
  18 ugly things
  A wolf spider zombie (D:14)
  2 deep elf magi
  4 griffons
  A hornet (D:14)
  3 orc sorcerers (Orc:2)
  A manticore (D:15)
  4 cyclopes
  2 black mambas
  27 elephants
  A centaur zombie (D:15)
  A gargoyle (D:12)
  2 ice statues (IceCv)
  A centaur skeleton (D:14)
  10 spiny frogs
  3 torpor snails
  2 kobold demonologists (D:13)
  2 rime drakes
  4 ice devils (IceCv)
  9 komodo dragons
  A tengu conjurer (D:14)
  6 trolls
  The ghost of tboli the Conjurer, a novice DECj (D:5)
  A polar bear (shapeshifter) (D:11)
  A merfolk (shapeshifter) (D:13)
  A wind drake (shapeshifter) (D:15)
  7 polar bears
  A two-headed ogre (D:14)
  4 slime creatures (D:15)
  13 blink frogs
  A snapping turtle (Lair:6)
  2 shadows
  60 yaks
  2 wraiths
  5 wyverns
  3 basilisks
  2 hungry ghosts
  2 steam dragons
  9 hippogriffs
  2 vampire mosquitoes (D:15)
  2 wargs (Orc:2)
  3 nagas (Lair:4)
  The ghost of ronnoc500 the Chiller, an amateur DEIE (D:4)
  8 porcupines
  15 water moccasins
  33 orc warriors
  3 phantoms
  8 ice beasts (D:15)
  3 sky beasts
  A necrophage (D:10)
  A wasp (D:8)
  4 black bears
  5 ogres
  12 wolves
  7 boggarts (D:14)
  29 centaurs
  19 crocodiles
  20 giant frogs
  2 big kobolds (D:12)
  A water moccasin zombie (Ossuary)
  A scorpion (D:10)
  15 killer bees
  3 wights (D:10)
  A crimson imp (D:8)
  3 giant frog zombies
  7 howler monkeys
  A draconian simulacrum (IceCv)
  A quasit (D:11)
  7 hounds
  3 jellies
  2 giant frog skeletons
  19 orc priests
  10 worker ants
  8 iguanas
  20 orc wizards
  4 troll simulacra (IceCv)
  A spriggan simulacrum (IceCv)
  A killer bee zombie (D:6)
  19 sheep
  2 big kobold zombies (Ossuary)
  A centaur simulacrum (IceCv)
  2 mummies (Ossuary)
  2 worker ant zombies
  Robin (D:3)
  6 gnolls
  2 howler monkey skeletons
  An ogre simulacrum (IceCv)
  6 adders
  2 naga simulacra (IceCv)
  A shadow imp (D:14)
  An ooze (D:3)
  An adder skeleton (D:5)
  8 adder zombies (Ossuary)
  A worm (D:2)
  3 dart slugs
  5 giant geckos
  74 orcs
  3 ball pythons
  4 giant cockroaches
  11 hobgoblins
  7 jackals
  26 kobolds
  7 quokkas
  2 bats
  2 giant newts (D:2)
  17 goblins
  3 hobgoblin zombies (Ossuary)
  A jackal skeleton (D:5)
  A jackal zombie (D:7)
  8 kobold zombies (Ossuary)
  8 orc zombies (Ossuary)
  8 rats
  9 fungi
  16 plants
838 creatures vanquished.

Vanquished Creatures (others)
  26 fungi
  33 plants
59 creatures vanquished.

Grand Total: 897 creatures vanquished

Notes
Turn   | Place    | Note
--------------------------------------------------------------
     0 | D:1      | saintsgambit the Minotaur Fighter began the quest for the Orb.
     0 | D:1      | Reached XP level 1. HP: 19/19 MP: 0/0
   106 | D:1      | Reached XP level 2. HP: 27/27 MP: 1/1
   585 | D:2      | Reached XP level 3. HP: 27/33 MP: 2/2
   721 | D:2      | Reached skill level 1 in Dodging
   856 | D:2      | Reached XP level 4. HP: 8/41 MP: 3/3
  1581 | D:3      | Reached XP level 5. HP: 46/47 MP: 4/4
  1670 | D:3      | Noticed Robin
  1681 | D:3      | Killed Robin
  1681 | D:3      | Reached skill level 3 in Axes
  1810 | D:3      | Reached skill level 5 in Armour
  1810 | D:3      | Reached skill level 5 in Shields
  1862 | D:3      | Reached skill level 5 in Fighting
  1922 | D:3      | Reached XP level 6. HP: 56/56 MP: 5/5
  2139 | D:4      | Noticed ronnoc500's ghost (amateur DEIE)
  2261 | D:4      | Found a sand-covered staircase.
  2266 | Ossuary  | Entered an ossuary
  2328 | Ossuary  | Reached skill level 4 in Axes
  2480 | D:4      | Reached XP level 7. HP: 61/61 MP: 6/6
  2502 | D:4      | Killed ronnoc500's ghost
  2502 | D:4      | Reached skill level 5 in Axes
  2882 | D:5      | Entered Level 5 of the Dungeon
  2992 | D:5      | Noticed tboli's ghost (novice DECj)
  3019 | D:5      | Killed tboli's ghost
  3019 | D:5      | Reached skill level 6 in Axes
  3253 | D:5      | Reached XP level 8. HP: 67/70 MP: 7/7
  3526 | D:5      | Found a staircase to the Ecumenical Temple.
  3758 | Temple   | Entered the Ecumenical Temple
  3763 | Temple   | Became a worshipper of Warmaster Okawaru
  4085 | D:6      | Reached skill level 7 in Axes
  4258 | D:7      | Found Joempael's Food Shoppe.
  4427 | D:7      | Found a sparkling altar of Nemelex Xobeh.
  4626 | D:7      | Reached * piety under Okawaru
  4631 | D:7      | Found a white marble altar of Elyvilon.
  5074 | D:8      | Reached XP level 9. HP: 79/79 MP: 8/8
  5161 | D:8      | Got a transparent falchion
  5178 | D:8      | Reached skill level 8 in Axes
  5568 | D:9      | Reached ** piety under Okawaru
  5657 | D:9      | Got a flickering ivory ring
  5658 | D:9      | Identified the ring of Ikiag {*Tele MR+} (You found it on level 9 of the Dungeon)
  5669 | D:9      | Found an ancient bone altar of Kikubaaqudgha.
  6129 | D:9      | Found Wiab's General Store.
  6137 | D:9      | Bought the ring "Zigo" {rPois rN+} for 374 gold pieces
  6210 | D:9      | Found a staircase to the Lair.
  6383 | Lair:1   | Entered Level 1 of the Lair of Beasts
  6460 | Lair:1   | Reached skill level 9 in Axes
  6517 | Lair:1   | Noticed a polar bear
  6533 | Lair:1   | Killed a polar bear
  6533 | Lair:1   | Reached XP level 10. HP: 44/90 MP: 7/9
  6547 | Lair:1   | Reached *** piety under Okawaru
  6598 | Lair:1   | Reached skill level 10 in Shields
  6938 | Lair:1   | Noticed a black mamba
  6949 | Lair:1   | Killed a black mamba
  7182 | Lair:1   | Reached skill level 10 in Axes
  7243 | Lair:1   | Identified the cursed +1 falchion of Instinct {venom, Dex+2} (You found it on level 8 of the Dungeon)
  7392 | Lair:2   | Reached **** piety under Okawaru
  7392 | Lair:2   | Reached skill level 10 in Armour
  7455 | Lair:2   | Noticed an eight-headed hydra
  7523 | Lair:3   | Reached skill level 1 in Invocations
  7524 | Lair:3   | Noticed an elephant
  7524 | Lair:3   | Noticed an elephant
  7524 | Lair:3   | Noticed an elephant
  7525 | Lair:3   | Noticed an elephant
  7549 | Lair:3   | Killed an elephant
  7549 | Lair:3   | Reached skill level 10 in Fighting
  7549 | Lair:3   | Reached XP level 11. HP: 68/99 MP: 8/10
  7550 | Lair:3   | Reached ***** piety under Okawaru
  7720 | Lair:3   | Noticed a six-headed hydra
  7725 | Lair:3   | Reached skill level 11 in Axes
  8001 | Lair:3   | Received a gift from Okawaru
  8523 | Lair:4   | Reached skill level 12 in Axes
  8603 | Lair:4   | Reached skill level 1 in Stealth
  8748 | Lair:4   | Noticed a griffon
  8760 | Lair:4   | Killed a griffon
  8774 | Lair:4   | Found a staircase to the Snake Pit.
  8835 | Lair:4   | Noticed a griffon
  8853 | Lair:4   | Killed a griffon
  8853 | Lair:4   | Reached XP level 12. HP: 94/110 MP: 11/11
  8992 | Lair:5   | Noticed a death yak
  8992 | Lair:5   | Noticed a death yak
  8993 | Lair:5   | Noticed a death yak
  8995 | Lair:5   | Noticed a five-headed hydra
  8996 | Lair:5   | Noticed a death yak
  9040 | Lair:5   | Killed a death yak
  9054 | Lair:5   | Killed a five-headed hydra
  9062 | Lair:5   | Killed a death yak
  9062 | Lair:5   | Reached skill level 13 in Axes
  9071 | Lair:5   | Killed a death yak
  9071 | Lair:5   | Received a gift from Okawaru
  9084 | Lair:5   | Killed a death yak
  9084 | Lair:5   | Reached skill level 1 in Evocations
  9087 | Lair:5   | Got a dazzling war axe {god gift}
  9088 | Lair:5   | Identified the +9 war axe of Zaryahied {flame, -Tele MR+++ Str-4 Dex+2} (Okawaru gifted it to you on level 5 of the Lair of Beasts)
  9209 | Lair:5   | Noticed a seven-headed hydra
  9216 | Lair:5   | Killed a five-headed hydra
  9266 | Lair:5   | Noticed a death yak
  9267 | Lair:5   | Noticed a death yak
  9268 | Lair:5   | Noticed a death yak
  9268 | Lair:5   | Noticed a death yak
  9272 | Lair:5   | Noticed a death yak
  9275 | Lair:5   | Killed a death yak
  9285 | Lair:5   | Killed a death yak
  9293 | Lair:5   | Killed a death yak
  9300 | Lair:5   | Killed a death yak
  9312 | Lair:5   | Killed a death yak
  9312 | Lair:5   | Reached ****** piety under Okawaru
  9567 | Lair:5   | Received a gift from Okawaru
  9698 | Lair:6   | Reached XP level 13. HP: 118/118 MP: 13/13
  9720 | Lair:6   | Found a staircase to the Shoals.
  9801 | Lair:6   | Reached skill level 14 in Axes
 10234 | Lair:7   | Found a labyrinth entrance.
 10244 | Lab      | Entered a labyrinth
 10637 | Lab      | Noticed a minotaur
 10643 | Lab      | Killed a minotaur
 10645 | Lab      | Got a coiled golden ring
 10646 | Lab      | Got a warped quarterstaff {holy}
 10654 | Lair:7   | Identified the +5 quarterstaff "Damud" {holy, rPois Int+3} (You took it off a minotaur in a labyrinth)
 10655 | Lair:7   | Identified the ring of Lapler {Fire Str+5 Int+2 Stlth+} (You took it off a minotaur in a labyrinth)
 10707 | Lair:7   | Found a staircase to the Slime Pits.
 10707 | Lair:7   | Found a viscous altar of Jiyva.
 10782 | Lair:7   | Received a gift from Okawaru
 11175 | Lair:7   | Reached skill level 15 in Axes
 11180 | Lair:8   | Entered Level 8 of the Lair of Beasts
 11225 | Lair:8   | Reached skill level 15 in Shields
 11655 | Lair:8   | Reached XP level 14. HP: 124/129 MP: 14/14
 11770 | Lair:8   | Identified a scroll of acquirement
 11773 | Lair:8   | Got a polished plate armour
 11774 | Lair:8   | Identified the +10 plate armour "Muheaqi" {MR+ rCorr Str+4 Stlth-} (You acquired it on level 8 of the Lair of Beasts)
 11820 | Lair:8   | Received a gift from Okawaru
 11828 | Lair:8   | Got a brightly glowing war axe {god gift}
 11829 | Lair:8   | Identified the +2 war axe "Byqos" {chop, Int+3} (Okawaru gifted it to you on level 8 of the Lair of Beasts)
 12133 | Lair:8   | Reached skill level 16 in Axes
 12300 | Lair:8   | Received a gift from Okawaru
 13029 | Lair:2   | Reached skill level 17 in Axes
 13890 | D:10     | Entered Level 10 of the Dungeon
 14812 | D:11     | Found Zetila's Food Shop.
 14844 | D:11     | Found a staircase to the Orcish Mines.
 14852 | D:11     | Reached XP level 15. HP: 132/139 MP: 15/15
 14875 | Orc:1    | Entered Level 1 of the Orcish Mines
 15190 | Orc:2    | Entered Level 2 of the Orcish Mines
 15190 | Orc:2    | Found a roughly hewn altar of Beogh.
 15193 | Orc:2    | Found Nebefouz's Food Boutique.
 15194 | Orc:2    | Found Varchasup's Assorted Antiques.
 15221 | Orc:2    | Found Runn's Gadget Emporium.
 15244 | Orc:2    | Found a roughly hewn altar of Beogh.
 15253 | Orc:2    | Found Hoqawnypn's Jewellery Shoppe.
 15351 | Orc:2    | Found a roughly hewn altar of Beogh.
 15352 | Orc:2    | Found Essuuve's Antique Weapon Shoppe.
 15455 | Orc:2    | Received a gift from Okawaru
 15474 | Orc:2    | Got a dazzling scimitar {god gift}
 15503 | Orc:2    | Found a roughly hewn altar of Beogh.
 15514 | Orc:2    | Noticed Saint Roka
 15543 | Orc:2    | Killed Saint Roka
 15598 | Orc:2    | Found a staircase to the Elven Halls.
 15651 | Orc:2    | Found Fasust's Jewellery Shop.
 15672 | Orc:2    | Found Kiafoh's Jewellery Shoppe.
 15757 | Orc:2    | Noticed an orc warlord
 15781 | Orc:2    | HP: 6/139 [orc warrior/short sword[an orc warlord] (1)]
 15782 | Orc:2    | Killed an orc warlord
 15876 | Orc:2    | Found Taupupi's Antique Armour Shop.
 15877 | Orc:2    | Found a roughly hewn altar of Beogh.
 15880 | Orc:2    | Found Opyerghou's Antique Weapon Boutique.
 16154 | D:11     | Reached skill level 15 in Fighting
 16421 | D:12     | Noticed Erolcha
 16431 | D:12     | Killed Erolcha
 16571 | D:12     | Found a snail-covered altar of Cheibriados.
 16688 | D:12     | Noticed Gastronok
 16705 | D:12     | Killed Gastronok
 16705 | D:12     | Received a gift from Okawaru
 16706 | D:12     | Got a slimy triple sword {god gift}
 16707 | D:12     | Identified the +7 triple sword of the Pit {freeze, Str+4 Int+5 Dex+4} (Okawaru gifted it to you on level 12 of the Dungeon)
 16994 | D:12     | Found Jabri's Antique Weapon Shop.
 17065 | D:13     | Found Jacont's Armour Shop.
 17246 | D:13     | Reached skill level 18 in Axes
 17483 | D:13     | Found Yfiniecog's Armour Emporium.
 17681 | D:13     | Found Buizudiw's Armour Emporium.
 18068 | D:14     | Noticed Maud
 18082 | D:14     | Killed Maud
 18262 | D:14     | Received a gift from Okawaru
 18289 | D:14     | Found a gate to the Vaults.
 18545 | D:14     | Found a portal to a secret trove of treasure.
 18643 | D:14     | Reached XP level 16. HP: 119/151 MP: 16/16
 18711 | D:15     | Entered Level 15 of the Dungeon
 18722 | D:15     | Found a frozen archway.
 18741 | IceCv    | Entered an ice cave
 19513 | D:15     | Reached skill level 19 in Axes
 19539 | D:15     | Killed from afar by a fire dragon

Skill      XL: |  1  2  3  4  5  6  7  8  9 10 11 12 13 14 15 16 |
---------------+-------------------------------------------------+-----
Fighting       | 4 5 6 7 8 10 11 12 13 14 15 16 | 16.0
Armour         | 4 5 7 9 10 11 12 13 | 13.9
Shields        | 4 5 6 7 9 11 12 14 15 16 17 | 17.7
Dodging        | 1 2 |  2.9
Axes           | 3 4 6 7 9 10 12 13 15 17 18 19 | 19.0
Invocations    | 1 2 |  2.8
Stealth        | 1 |  1.1
Evocations     | 2 |  2.1

Action                   |  1- 3 |  4- 6 |  7- 9 | 10-12 | 13-15 | 16-18 || total
-------------------------+-------+-------+-------+-------+-------+-------++-------
Melee: War axe           |    65 |   235 |   426 |   239 |  1198 |   143 ||  2306
       Headbutt          |     9 |    44 |    76 |   165 |   295 |    40 ||   629
       Broad axe         |       |       |       |   388 |       |       ||   388
Throw: Tomahawk          |     1 |     1 |     1 |       |       |       ||     3
Invok: Heroism           |       |       |     3 |    15 |    20 |     5 ||    43
Evoke: Wand              |       |       |       |    12 |       |       ||    12
  Use: Scroll            |     2 |     4 |     8 |     6 |    16 |     1 ||    37
       Potion            |       |     1 |     1 |     1 |     2 |       ||     5
  Eat: Bread ration      |       |     2 |     5 |     2 |     2 |       ||    11
       Chunk             |       |       |     1 |       |     6 |       ||     7
       Fruit             |       |       |       |     1 |     4 |       ||     5
       Beef jerky        |       |       |       |     1 |       |       ||     1
       Pizza             |       |       |       |       |     5 |       ||     5
       Meat ration       |       |       |       |       |     1 |     1 ||     2
Armor: Scale mail        |    30 |    36 |       |       |       |       ||    66
       Chain mail        |       |    32 |       |       |       |       ||    32
       Plate armour      |       |    76 |    93 |       |       |       ||   169
       Crystal plate arm |       |       |   178 |   434 |   405 |    37 ||  1054
Dodge: Dodged            |    20 |    67 |    59 |    97 |   130 |    21 ||   394
Block: Shield            |    36 |   133 |   237 |   246 |       |       ||   652
       Large shield      |       |       |       |   269 |   967 |   107 ||  1343
